Map: Misty Swamp

Players

Proto

  • Race: Terran Terran
  • League: Gold
  • Spawn Location: 9:00

Chan

  • Race: Terran Terran
  • League: Bronze
  • Spawn Location: 9:00

Metasapien

  • Race: Zerg Zerg
  • League: Platinum
  • Spawn Location: 12:00

kungPOWadobo - Winner!

  • Race: Protoss Protoss
  • League: Gold
  • Spawn Location: 12:00

dannieman - Winner!

  • Race: Zerg Zerg
  • Spawn Location: 3:00

Lydrahisk - Winner!

  • Race: Zerg Zerg
  • Spawn Location: 3:00

VOD

Have the link to the VOD?

Description

Time

  • Played on: Sept. 19, 2017, 12:32 a.m.
  • Length: 20:58
Show
View Real Time Build Order
Export as new Build Order

Proto Terran 

Build Orders: Reaper Expand, MMM Bio 

Get SALT Encoding   

  12  0:03  SCV  
  13  0:16  SCV  
  13  0:20  Supply Depot  
  14  0:28  SCV  
  14  0:35  Refinery  
  15  0:46  Barracks  
  15  0:59  SCV  
  16  1:11  SCV  
  17  1:24  SCV  
  18  1:34  Command Center  
  18  1:37  Reaper  
  19  1:49  Orbital Command  
  19  1:59  Supply Depot  
  19  2:03  Supply Depot  
  19  2:21  SCV  
  20  2:23  Barracks Tech Lab  
  20  2:26  Barracks  
  20  2:37  Factory  
  20  2:50  Marine  
  21  2:56  Stimpack  
  21  3:30  Marine  
  21  3:33  Barracks Reactor  
  21  3:36  Supply Depot  
  21  3:37  SCV  
  21  3:38  SCV  
  21  3:40  Refinery  
  23  3:50  Orbital Command, SCV  
  24  4:00  Starport  
  24  4:17  Supply Depot  
  24  4:38  Marine x3  
  24  4:44  Medivac  
  27  5:14  Medivac, Marine x3  
  29  5:28  SCV  
  29  5:29  SCV  
  29  5:32  Marine x3  
  34  5:40  SCV  
  34  5:41  SCV  
  36  5:49  Marine  
  36  5:50  Marine x2  
  36  5:53  SCV x2  
  41  5:58  Factory Tech Lab  
  41  6:01  Supply Depot  
  41  6:05  SCV x2  
  41  6:07  Marine x3  
  41  6:11  Starport Tech Lab  
  46  6:14  Supply Depot  
  46  6:17  SCV x2  
  46  6:18  Supply Depot  
  48  6:24  Barracks, Supply Depot  
  48  6:25  Marine x3  
  49  6:27  Barracks  
  51  6:41  SCV x2  
  53  6:53  SCV x2  
  55  6:56  Marine x3  
  58  7:05  SCV x2  
  60  7:15  Refinery  
  60  7:17  Refinery, SCV x2  
  62  7:29  SCV x2  
  64  7:41  SCV x2  
  66  7:53  SCV  
  66  7:54  SCV  
  68  8:05  Marine  
  55  8:26  Marine x2  
  57  8:29  Barracks Reactor  
  57  8:37  Marine  
  58  8:44  Marine x2  
  58  8:45  Barracks  
  58  8:47  Barracks  
  60  8:54  SCV x2, Marine  
  63  9:07  Corvid Reactor  
  63  9:11  Raven  
  63  9:14  Marine x3  
  63  9:15  Marine x2  
  70  9:18  Command Center  
  70  9:28  Starport  
  70  9:30  Starport  
  70  9:32  Starport, Marine x4  
  70  9:33  Marine  
  75  9:50  Barracks Reactor, Marine x5  
  80  9:52  Barracks Reactor  
  80  9:54  Raven  
  80  9:56  Engineering Bay  
  80  9:59  Engineering Bay  
  82  10:03  Armory  
  82  10:07  Armory  
  82  10:08  Marine x5  
  87  10:19  Combat Shields  
  87  10:25  Recalibrated Explosives, Marine  
  87  10:26  Marine x4  
  92  10:28  Marine  
  92  10:29  Marine x3  
  96  10:37  Raven  
  98  10:43  Marine x2  
  98  10:44  Marine x3  
  98  10:46  Marine  
  98  10:47  Marine x3  
  98  10:48  Starport Tech Lab x3  
  107  11:01  Marine x2  
  109  11:38  Marine  
  109  11:39  Marine x2  
  109  11:41  Marine  
  109  11:42  Raven, Marine x5  
  93  11:55  Marine  
  93  11:56  Marine  
  93  11:57  Marine  
  93  11:59  Marine  
  93  12:00  Marine x5  
  102  12:06  Medivac x2  
  102  12:07  Medivac  
  108  12:13  Marine  
  109  12:22  Planetary Fortress  
  109  12:52  Terran Infantry Armor Level 1, Terran Infantry Weapons Level 1  
  109  13:35  Marine  
  109  13:36  Marine  
  109  13:39  Marine x2  
  109  13:40  Marine x2  
  109  13:41  Raven, Marine x3  
  94  13:53  Marine  
  94  13:54  Marine  
  86  13:56  Marine  
  86  13:57  Marine  
  86  13:58  Marine x3  
  86  13:59  Marine x2  
  92  14:11  Marine  
  92  14:12  Marine  
  92  14:14  Marine  
  92  14:15  Marine  
  92  14:16  Marine x3  
  99  14:17  Marine x2  
  101  14:29  Marine  
  101  14:30  Marine  
  101  14:32  Marine  
  101  14:33  Marine x3  
  101  14:34  Marine  
  101  14:35  Marine x2  
  102  14:46  Marine  
  102  14:47  Marine  
  102  14:50  Marine  
  102  14:51  Marine x3  
  102  14:52  Marine  
  109  14:53  Marine x2  
  107  15:04  Marine  
  107  15:05  Marine  
  109  15:19  Marine x2  
  94  15:27  Marine x6  
  94  15:28  Marine  
  77  15:37  Marine x2  
  79  15:45  Marine x6  
  79  15:46  Marine  
  86  15:55  Marine x2  
  88  16:02  Marine  
  88  16:03  Marine x6  
  95  16:13  Marine x2  
  97  16:20  Marine x2  
  97  16:21  Marine x5  
  95  16:31  Marine x2  
  92  16:38  Marine x4  
  92  16:39  Marine x3  
  91  16:48  Marine  
  91  16:49  Marine  
  93  16:57  Marine  
  93  16:59  Marine  
  93  17:00  Marine x4  
  93  17:01  Marine  
  100  17:05  Refinery  
  100  17:06  Marine x2  
  102  17:09  Terran Infantry Armor Level 2, Terran Infantry Weapons Level 2  
  102  17:10  Refinery  
  102  17:15  Marine  
  103  17:17  Marine x2  
  103  17:18  Marine x4  
  109  18:20  Marine  
  109  18:21  Marine x6  
  109  18:22  Marine  
  109  18:24  Marine  
  64  18:37  Marine  
  64  18:39  Marine x6  
  64  18:40  Marine  
  70  18:41  Marine  
  71  18:52  Raven  
  71  18:53  Raven x3  
  71  18:55  Marine  
  79  18:56  Marine x2  
  79  18:57  Marine x4  
  79  18:58  Marine  
  79  18:59  Marine  
  88  19:13  Marine  
  88  19:14  Marine x3  
  88  19:15  Marine x4  
  96  19:17  Marine  
  97  19:31  Marine  
  97  19:32  Marine x4  
  97  19:33  Marine x3  
  97  19:35  Raven, Marine  
  108  19:40  Raven  
  108  19:41  Raven  
  108  19:42  Raven  
  92  19:49  Marine  
  92  19:50  Marine x6  
  92  19:51  Marine  
  85  19:53  Marine  
  55  20:08  Marine  
Show
View Real Time Build Order
Export as new Build Order

Chan Terran 

Build Orders: Reaper Expand, MMM Bio 

Get SALT Encoding   

  12  0:00  SCV  
  13  0:12  SCV  
  14  0:18  Supply Depot  
  14  0:24  SCV  
  15  0:39  SCV  
  15  0:41  Barracks  
  16  0:46  Refinery  
  16  0:52  SCV  
  17  1:06  SCV  
  19  1:18  SCV  
  19  1:29  Reaper  
  19  1:30  Orbital Command  
  20  1:43  Command Center  
  20  1:54  Barracks  
  20  1:58  SCV  
  21  2:03  Barracks Reactor  
  21  2:06  Refinery  
  21  2:10  SCV  
  22  2:16  Supply Depot  
  22  2:22  SCV  
  23  2:28  Factory  
  23  2:37  SCV  
  23  2:42  Barracks Tech Lab  
  23  2:43  Marine  
  23  2:44  Marine  
  26  2:49  SCV  
  27  3:01  Orbital Command  
  27  3:06  Marine x2  
  27  3:07  Marine  
  27  3:09  SCV  
  31  3:14  Stimpack  
  31  3:22  SCV  
  31  3:23  Starport  
  31  3:24  Factory Reactor  
  32  3:29  SCV  
  32  3:32  Marine  
  32  3:33  Marine  
  32  3:34  SCV  
  36  3:38  Marine  
  37  3:41  SCV  
  37  3:46  SCV, Supply Depot  
  38  3:51  Marine  
  38  3:52  Marine  
  40  3:56  SCV, Marine  
  42  4:06  SCV  
  42  4:08  Medivac x2, SCV, Supply Depot  
  48  4:10  Marine  
  48  4:12  Marine  
  48  4:14  Marine  
  51  4:18  SCV  
  51  4:19  Supply Depot  
  51  4:20  SCV  
  53  4:29  Marine  
  53  4:30  SCV, Marine  
  56  4:32  SCV, Marine  
  58  4:44  SCV x2  
  60  4:57  Marine x2  
  60  4:59  SCV x2  
  64  5:02  Engineering Bay  
  64  5:03  Engineering Bay  
  64  5:07  Marine  
  64  5:11  SCV x2  
  67  5:15  Combat Shields, Marine  
  67  5:18  Marine  
  67  5:19  Command Center  
  69  5:27  SCV  
  70  5:31  Terran Infantry Armor Level 1, Terran Infantry Weapons Level 1  
  70  5:32  SCV  
  70  5:33  Barracks  
  70  5:34  Barracks  
  52  5:35  Barracks  
  52  5:38  Supply Depot x2  
  52  5:39  SCV, Marine  
  52  5:42  Marine x2  
  55  5:51  Medivac x2  
  55  5:56  SCV x2  
  61  5:57  Marine  
  61  6:00  Marine x2  
  64  6:15  Marine  
  64  6:18  Marine x2  
  67  6:29  SCV x2  
  67  6:30  Refinery  
  67  6:31  Refinery  
  69  6:33  Barracks Reactor x3, Marine  
  69  6:35  Marine  
  69  6:38  Marine  
  72  6:41  SCV  
  72  6:46  Armory, Supply Depot  
  74  6:48  Supply Depot  
  74  6:49  Orbital Command  
  73  7:02  Marine x2  
  73  7:03  Marine  
  73  7:06  SCV x2  
  78  7:15  Marine x5  
  81  7:16  Marine  
  81  7:20  Supply Depot x2  
  81  7:22  Supply Depot  
  84  7:23  SCV x2  
  84  7:24  SCV  
  84  7:25  Marine x2  
  84  7:26  Marine  
  90  7:35  Factory Reactor, SCV  
  91  7:38  Marine x6  
  91  7:40  SCV  
  91  7:42  Terran Infantry Armor Level 2, Terran Infantry Weapons Level 2  
  91  7:43  Marine  
  99  7:46  SCV  
  99  7:47  Marine x2  
  99  7:50  Medivac  
  99  7:51  Medivac  
  106  7:57  Supply Depot  
  106  7:59  Supply Depot  
  106  8:05  Marine x4  
  106  8:06  Marine x4  
  114  8:19  Widow Mine x2  
  113  8:20  Medivac, Marine  
  113  8:21  Medivac  
  113  8:23  Marine x5  
  123  8:37  Marine x2  
  123  8:38  Marine x2  
  127  8:42  Barracks x2, SCV  
  127  8:44  Barracks  
  127  8:47  Widow Mine x2  
  132  8:53  Marine x4  
  136  8:57  Marine x4  
  140  9:06  Marine  
  141  9:11  Marine x2  
  141  9:16  Marine x6  
  149  9:17  Command Center  
  149  9:18  Unknown x2  
  149  9:20  Unknown x4  
  149  9:30  Marine x2  
  153  9:33  Barracks Tech Lab x2  
  153  9:34  Barracks Tech Lab  
  151  9:45  Marine x5  
  156  9:46  Marauder  
  158  9:54  Marauder x2  
  158  9:55  Marauder  
  164  10:08  Marauder  
  164  10:09  Medivac  
  164  10:10  Medivac  
  164  10:11  Marine  
  164  10:12  Marine x2  
  163  10:16  Marauder  
  163  10:17  Marauder  
  163  10:20  Marauder  
  144  10:21  Marine  
  144  10:22  Marine x2  
  142  10:29  Marauder  
  142  10:37  Terran Infantry Armor Level 3, Terran Infantry Weapons Level 3, Marauder  
  142  10:38  Marauder  
  142  10:39  Widow Mine x2  
  142  10:40  Medivac x2  
  142  10:41  Marauder  
  156  10:48  Refinery x2  
  156  10:51  Marauder  
  158  10:57  Marine x2  
  158  10:58  Marine x6  
  158  10:59  Marauder  
  158  11:00  Marauder  
  148  11:21  Marine x4  
  148  11:22  Marauder x3, Marine x4  
  155  11:32  Medivac, Widow Mine x2  
  157  11:33  Medivac  
  158  11:43  Marauder, Marine  
  158  11:44  Marauder x2, Marine x4  
  161  12:00  Marine x3  
  157  12:01  Marine  
  157  12:05  Marauder  
  157  12:06  Marauder x2  
  157  12:08  Marine x4  
  165  12:14  Barracks  
  153  12:26  Marauder  
  153  12:27  Marauder x2  
  153  12:28  Marine x3  
  153  12:29  Marine x4  
  152  12:42  Marine  
  153  12:46  Marine x3  
  153  12:47  Marauder  
  153  12:48  Marauder x2  
  162  12:57  Marine  
  162  12:58  Marine x3  
  166  13:09  Marauder  
  166  13:10  Marauder x2  
  172  13:14  Marine x4  
  172  13:15  Marine x2  
  172  13:16  Marine  
  179  13:34  Marauder  
  180  13:37  Marauder  
  180  13:38  Marauder  
  176  13:42  Marine x5  
  176  13:43  Marine  
  173  13:55  Marauder  
  168  13:58  Marauder  
  168  14:00  Marauder  
  168  14:01  Marine x4  
  157  14:16  Marauder  
  152  14:17  Marine x4  
  152  14:20  Marauder  
  152  14:21  Marauder  
  159  14:28  Marine x2  
  159  14:29  Marine x2  
  163  14:35  Marine  
  163  14:38  Marauder  
  164  14:41  Marauder  
  164  14:43  Marauder  
  166  14:52  Marine x7  
  171  14:59  Marauder  
  158  15:38  Marine x2  
  158  15:39  Medivac x2  
  158  15:40  Marine x3  
  143  16:34  Marine  
  143  16:35  Marine x3  
  147  16:55  Medivac x2, Widow Mine x2  
  155  17:05  Orbital Command  
  155  17:11  Marine  
  155  17:12  Marine x4  
  159  17:33  Marine x4  
  159  17:34  Marine x2  
  165  17:43  Marine  
  166  18:01  Marine x6  
  166  18:02  Widow Mine x2, Marine x3  
  129  18:37  Marine x3  
  129  18:38  Marine x3  
  119  18:47  Medivac, Widow Mine x2  
  119  18:48  Medivac  
  119  18:54  Marine x3  
  119  18:55  Marine x2  
  109  19:13  Marauder  
  109  19:15  Marine x5  
  104  19:34  Marauder  
  106  19:55  Marauder  
Show
View Real Time Build Order
Export as new Build Order

Metasapien Zerg 

Build Orders: Pool First 

Get SALT Encoding   

  12  0:06  Drone  
  13  0:23  Spawning Pool  
  13  0:27  Drone  
  13  0:32  Drone  
  14  0:36  Extractor  
  13  0:45  Drone  
  13  0:49  Overlord  
  14  1:08  Drone x2  
  16  1:12  Drone  
  17  1:24  Zergling x2  
  18  1:35  Drone  
  19  1:42  Spine Crawler  
  18  1:50  Hatchery  
  18  1:52  Drone  
  18  1:57  Drone  
  19  2:04  Metabolic Boost  
  19  2:10  Drone  
  20  2:20  Drone  
  21  2:27  Roach Warren  
  21  2:28  Drone  
  21  2:53  Hatchery  
  20  3:02  Queen  
  22  3:06  Overlord  
  22  3:10  Drone  
  23  3:24  Queen  
  25  3:31  Drone  
  25  3:33  Drone  
  27  3:40  Zergling x2  
  28  3:50  Zergling x2  
  28  3:51  Zergling x2  
  30  3:57  Drone  
  30  3:59  Drone  
  31  4:04  Drone  
  32  4:14  Queen  
  32  4:16  Drone x2  
  36  4:18  Drone x2  
  38  4:31  Zergling x6  
  38  4:35  Drone  
  38  4:38  Extractor x2  
  41  4:40  Queen  
  39  4:50  Spore Crawler  
  38  4:57  Spore Crawler  
  37  5:29  Overlord x3  
  37  5:30  Hatchery  
  36  5:46  Extractor  
  36  5:49  Extractor  
  34  6:00  Lair  
  34  6:06  Drone  
  34  6:09  Drone x3  
  38  6:18  Drone x3  
  40  6:25  Hatchery  
  40  6:47  Drone  
  40  6:48  Drone  
  40  6:49  Drone x2  
  40  6:50  Drone x2  
  40  6:52  Overlord  
  40  6:53  Overlord  
  40  6:54  Overlord  
  46  7:02  Hydralisk Den  
  46  7:03  Infestation Pit  
  44  7:10  Queen  
  44  7:12  Drone x2  
  48  7:23  Drone  
  48  7:24  Drone x2  
  51  7:31  Overseer  
  51  7:33  Pneumatized Carapace  
  51  7:36  Drone x4  
  51  7:37  Drone x2  
  57  7:38  Queen  
  57  7:39  Drone  
  60  7:53  Drone  
  60  7:57  Hydralisk x3  
  60  7:58  Hydralisk x2  
  69  8:12  Spore Crawler  
  68  8:16  Spore Crawler  
  68  8:17  Drone x2  
  68  8:19  Hydralisk x3  
  69  8:20  Hydralisk x2  
  69  8:21  Overlord  
  69  8:23  Overlord x3  
  79  8:40  Hydralisk  
  81  8:53  Drone, Queen  
  81  8:54  Drone, Glial Reconstitution  
  85  8:58  Muscular Augments  
  85  9:02  Drone x3  
  88  9:03  Nydus Network  
  88  9:09  Extractor  
  86  9:11  Drone x2  
  86  9:12  Extractor  
  86  9:14  Spore Crawler  
  86  9:16  Drone x2  
  88  9:17  Spore Crawler  
  88  9:19  Hydralisk  
  88  9:20  Overlord x3  
  88  9:21  Overlord  
  89  9:24  Drone  
  89  9:25  Drone  
  91  9:40  Hydralisk x6  
  103  9:49  Drone  
  103  9:50  Drone x2  
  103  9:52  Evolution Chamber  
  105  9:54  Evolution Chamber  
  105  9:56  Drone  
  105  9:59  Hive  
  105  10:03  Drone x3  
  108  10:11  Drone  
  108  10:12  Drone x2  
  111  10:25  Hydralisk x2  
  111  10:26  Roach x3, Hydralisk  
  123  10:39  Zerg Missile Weapons Level 1  
  123  10:40  Zerg Ground Armor Level 1  
  123  10:41  Hydralisk  
  123  10:42  Hydralisk x6  
  129  10:43  Hydralisk  
  129  10:46  Nydus Canal  
  139  10:56  Queen x2  
  143  10:57  Queen  
  131  11:31  Roach x2, Viper, Hydralisk x4  
  131  11:32  Roach x3  
  152  11:34  Overseer x2  
  152  11:35  Overlord x4  
  152  11:36  Overlord x2  
  146  11:52  Hydralisk x2  
  146  11:53  Hydralisk x2, Roach x2  
  146  11:54  Roach x2  
  154  12:16  Hydralisk x3  
  154  12:17  Roach x3  
  166  12:36  Hatchery  
  165  12:41  Zerg Missile Weapons Level 2, Zerg Ground Armor Level 2  
  165  12:45  Infestor x2  
  165  12:48  Burrow  
  169  13:02  Nydus Canal  
  169  13:10  Swarm Host, Zergling x2  
  169  13:11  Zergling x28  
  185  13:13  Adrenal Glands  
  121  13:41  Hydralisk x2  
  121  13:42  Roach x3, Hydralisk x3  
  124  13:56  Hydralisk x2  
  124  13:57  Roach x2  
  104  14:24  Hydralisk x3  
  104  14:25  Roach, Hydralisk  
  104  14:26  Roach  
  104  14:27  Swarm Host  
  115  14:51  Hydralisk  
  115  14:52  Roach, Hydralisk x2  
  125  14:53  Roach  
  125  14:59  Nydus Canal  
  123  15:19  Zergling x2  
  123  15:20  Zergling x14  
  91  15:37  Queen  
  67  15:57  Roach  
  67  15:58  Roach x2  
  59  16:10  Zergling x2  
  58  16:11  Zergling x16  
  58  16:15  Zergling x2  
  67  16:27  Extractor  
  67  16:30  Extractor  
  65  16:46  Roach  
  69  16:47  Roach x5  
  69  16:48  Zergling x6  
  80  17:04  Queen  
  82  17:23  Lair  
  82  17:32  Evolution Chamber  
  81  17:38  Roach x2  
  81  17:39  Roach x7  
  81  17:40  Roach x3  
  105  18:04  Ravager x4  
  92  18:30  Roach x2  
  92  18:31  Roach x4  
  92  18:32  Zergling x2, Roach x5  
  92  18:33  Zergling x4, Roach x4  
  107  18:48  Infestation Pit  
  94  18:49  Hydralisk Den  
  94  18:53  Roach x4  
  89  19:01  Ravager  
  89  19:02  Ravager x4  
  93  19:15  Overlord x4  
  89  19:44  Ravager x3  
  46  20:27  Hydralisk x3  
  46  20:28  Roach x3, Hydralisk x2  
  45  20:29  Zergling x4, Roach x2  
  59  20:35  Spine Crawler  
  59  20:37  Spine Crawler  
Show
View Real Time Build Order
Export as new Build Order

kungPOWadobo Protoss - Winner!

Build Orders:  

Get SALT Encoding   

  12  0:05  Probe (Chrono Boost)  
  13  0:16  Probe (Chrono Boost)  
  13  0:20  Pylon  
  14  0:27  Probe (Chrono Boost)  
  15  0:38  Probe (Chrono Boost)  
  15  0:41  Gateway  
  16  0:49  Probe (Chrono Boost)  
  17  0:51  Assimilator  
  17  0:59  Probe (Chrono Boost)  
  18  1:04  Assimilator  
  18  1:10  Probe (Chrono Boost)  
  19  1:20  Probe (Chrono Boost)  
  19  1:22  Forge  
  20  1:31  Probe (Chrono Boost)  
  21  1:37  Cybernetics Core  
  21  1:44  Probe (Chrono Boost)  
  22  1:55  Pylon  
  22  2:00  Probe (Chrono Boost)  
  23  2:18  Stargate  
  23  2:20  Stargate  
  23  2:22  Probe (Chrono Boost)  
  24  2:44  Nexus  
  24  2:57  Photon Cannon  
  22  3:08  Void Ray  
  26  3:25  Void Ray  
  30  3:43  Protoss Air Weapons Level 1 (Chrono Boost)  
  30  3:55  Probe  
  31  4:05  Void Ray, Probe  
  36  4:16  Probe  
  37  4:26  Probe  
  37  4:27  Void Ray  
  42  4:32  Assimilator  
  42  4:37  Probe  
  43  4:57  Pylon  
  43  5:14  Void Ray  
  39  5:43  Void Ray  
  39  5:45  Probe  
  39  5:47  Protoss Air Armor Level 1 (Chrono Boost)  
  44  5:51  Assimilator  
  44  5:56  Probe  
  45  6:06  Probe  
  45  6:09  Nexus  
  45  6:11  Void Ray  
  46  6:17  Probe  
  50  6:23  Pylon  
  50  6:24  Pylon  
  51  6:28  Probe  
  52  6:38  Probe  
  52  6:41  Void Ray  
  57  6:49  Probe  
  58  6:56  Fleet Beacon  
  58  6:59  Probe  
  59  7:10  Probe  
  60  7:20  Probe  
  61  7:24  Void Ray  
  61  7:27  Probe  
  66  7:31  Probe  
  67  7:38  Probe  
  67  7:41  Probe  
  69  7:48  Probe  
  70  7:52  Probe  
  71  8:19  Carrier  
  53  8:20  Void Ray  
  53  8:41  Protoss Air Weapons Level 2 (Chrono Boost)  
  53  8:43  Probe  
  53  8:44  Probe  
  55  8:49  Assimilator  
  55  8:53  Probe, Assimilator  
  55  8:55  Probe  
  56  8:56  Graviton Catapult  
  56  8:58  Stargate  
  56  9:01  Pylon  
  59  9:03  Mothership Core  
  59  9:04  Probe, Stargate  
  59  9:05  Probe  
  61  9:14  Probe  
  61  9:16  Probe  
  62  9:17  Carrier  
  69  9:26  Probe  
  76  9:52  Probe  
  77  10:02  Probe  
  78  10:13  Probe  
  79  10:30  Carrier x2  
  91  10:40  Pylon  
  91  10:42  Pylon  
  91  10:54  Pylon  
  91  10:55  Pylon  
  91  10:58  Carrier  
  87  11:50  Carrier  
  87  11:51  Protoss Air Weapons Level 3 (Chrono Boost)  
  93  12:11  Protoss Shields Level 1 (Chrono Boost)  
  93  12:18  Probe  
  94  12:28  Probe  
  95  12:39  Probe, Phoenix  
  95  12:40  Phoenix  
  95  12:41  Stargate  
  100  12:45  Pylon  
  100  12:49  Probe  
  100  12:50  Carrier  
  107  13:00  Probe  
  96  14:50  Carrier  
  120  14:59  Probe  
  121  15:07  Nexus  
  121  15:10  Assimilator  
  121  15:14  Assimilator  
  121  15:15  Protoss Air Armor Level 2  
  121  15:59  Mothership Core  
  129  16:05  Pylon  
  129  16:06  Pylon  
  110  16:22  Pylon  
  110  16:23  Pylon  
  110  16:25  Pylon  
  90  16:43  Stargate  
  90  16:44  Stargate  
  90  16:46  Stargate  
  90  16:51  Stargate x2  
  90  16:53  Stargate  
  90  16:56  Pylon  
  90  17:38  Carrier x3  
  90  17:39  Carrier x2  
  90  17:40  Carrier  
  126  19:29  Carrier x3  
  144  19:33  Pylon  
  144  19:34  Pylon  
  144  19:36  Pylon  
  144  19:38  Pylon  
  144  19:40  Pylon  
Show
View Real Time Build Order
Export as new Build Order

dannieman Zerg - Winner!

Build Orders: Pool First 

Get SALT Encoding   

  12  0:01  Drone  
  13  0:09  Drone  
  14  0:18  Overlord  
  14  0:22  Extractor  
  14  0:24  Drone  
  15  0:44  Spawning Pool  
  15  0:46  Drone  
  15  0:48  Drone  
  16  0:51  Drone  
  17  1:21  Hatchery  
  17  1:24  Overlord  
  16  1:26  Drone  
  16  1:28  Drone  
  16  1:31  Extractor  
  17  1:46  Zergling x2  
  18  1:47  Queen, Zergling x2  
  21  2:03  Zergling x2  
  22  2:15  Drone, Extractor  
  22  2:39  Metabolic Boost  
  22  3:11  Zergling x4  
  22  3:12  Zergling x8  
  28  3:39  Drone  
  28  3:40  Drone x5  
  34  3:53  Lair  
  34  3:59  Drone  
  34  4:00  Drone  
  34  4:01  Overlord x4  
  36  4:26  Drone  
  36  4:27  Drone x5  
  36  4:28  Queen  
  44  4:43  Roach Warren  
  43  4:46  Baneling Nest  
  43  4:48  Drone  
  43  4:49  Drone x3  
  43  4:50  Drone  
  43  4:51  Drone  
  48  5:05  Evolution Chamber  
  46  5:46  Centrifical Hooks  
  46  5:50  Extractor  
  46  5:52  Extractor  
  44  6:00  Infestation Pit  
  44  6:02  Zergling x2  
  44  6:03  Zergling x22  
  55  6:15  Drone x2  
  55  6:16  Hatchery  
  56  6:24  Baneling  
  56  6:25  Baneling x8  
  56  6:45  Drone  
  56  6:46  Drone x3  
  56  6:47  Drone x3  
  61  6:52  Zerg Ground Armor Level 1  
  63  6:55  Hive  
  63  7:06  Overlord x3  
  63  7:07  Overlord x2  
  63  7:13  Drone x4  
  67  7:31  Drone x6  
  73  7:38  Drone  
  73  7:40  Queen  
  71  8:23  Ultralisk Cavern  
  70  8:33  Evolution Chamber  
  69  8:41  Extractor  
  68  8:43  Extractor  
  68  8:47  Zerg Melee Weapons Level 1  
  67  8:57  Overlord x2  
  67  8:59  Zerg Ground Armor Level 2  
  67  9:15  Ultralisk  
  67  9:16  Ultralisk x5  
  103  9:22  Overlord x2  
  103  9:23  Overlord x2  
  103  9:38  Overlord x2, Ultralisk x2  
  115  9:59  Ultralisk  
  112  10:31  Ultralisk x3  
  130  10:39  Baneling x7  
  130  10:49  Drone  
  133  10:50  Drone x8  
  139  11:14  Hatchery  
  132  11:26  Zergling x2  
  132  11:27  Zergling x18  
  132  11:28  Zergling x32  
  116  11:58  Ultralisk x4  
  114  12:46  Nydus Network  
  114  12:50  Drone  
  114  12:51  Drone x2, Queen  
  118  13:06  Zerg Melee Weapons Level 2  
  107  13:36  Ultralisk x6  
  107  13:38  Zergling x6  
  107  13:39  Zergling x12  
  109  13:50  Ultralisk  
  115  14:12  Baneling  
  115  14:13  Baneling x17  
  115  14:45  Extractor  
  114  14:47  Extractor  
  105  15:08  Ultralisk x4  
  129  15:22  Zerg Ground Armor Level 3  
  128  15:28  Ultralisk  
  128  15:29  Ultralisk x2  
  146  15:39  Ultralisk  
  146  15:56  Drone x5  
  151  15:59  Drone x9  
  110  16:33  Ultralisk  
  110  16:34  Ultralisk  
  116  16:48  Ultralisk  
  122  17:20  Queen  
  122  17:22  Overlord x5  
  124  17:23  Overlord x3  
  124  17:54  Ultralisk  
  124  17:55  Ultralisk x11  
  124  17:56  Burrow  
  163  18:38  Ultralisk  
  163  18:39  Ultralisk x3  
  163  18:40  Zergling x4  
  163  18:41  Zergling x20  
  175  18:54  Ultralisk  
  175  18:55  Zergling x8  
  182  18:56  Zergling x30  
  194  19:24  Ultralisk  
  174  20:04  Ultralisk x3  
  174  20:06  Zergling x4  
  174  20:07  Zergling x26  
  155  20:08  Zergling x8  
  144  20:23  Zergling x14  
  144  20:24  Zergling x4  
Show
View Real Time Build Order
Export as new Build Order

Lydrahisk Zerg - Winner!

Build Orders: Pool First, Lurkers 

Get SALT Encoding   

  12  0:02  Drone  
  13  0:13  Overlord  
  13  0:18  Drone  
  14  0:31  Drone  
  15  0:41  Spawning Pool  
  14  0:44  Drone  
  14  0:47  Extractor  
  14  0:52  Drone  
  15  1:23  Hatchery  
  14  1:29  Zergling x4  
  14  1:31  Zergling x2  
  17  1:52  Queen  
  17  1:53  Drone  
  20  1:54  Drone  
  21  2:04  Metabolic Boost  
  21  2:20  Drone  
  21  2:22  Overlord  
  22  2:43  Drone  
  22  2:44  Drone  
  24  2:49  Queen  
  26  2:58  Drone  
  26  2:59  Drone x4  
  31  3:30  Drone  
  31  3:31  Drone x4  
  36  3:34  Overlord x2  
  36  3:36  Overlord  
  36  3:57  Lair  
  36  4:00  Extractor  
  34  4:23  Drone x4  
  34  4:24  Drone x3  
  40  4:45  Baneling Nest  
  38  4:51  Extractor  
  37  4:53  Extractor  
  37  4:54  Roach Warren  
  37  4:56  Evolution Chamber x2  
  34  5:23  Drone x2  
  34  5:25  Drone  
  34  5:26  Drone x4  
  41  5:28  Zerg Missile Weapons Level 1  
  41  5:30  Zerg Ground Armor Level 1  
  41  5:52  Queen  
  43  5:59  Roach x8  
  43  6:02  Overlord  
  59  6:05  Glial Reconstitution  
  59  6:10  Extractor, Hatchery  
  59  6:11  Spore Crawler  
  56  6:12  Extractor  
  56  6:16  Roach  
  56  6:17  Roach  
  59  6:20  Overlord  
  59  6:21  Overlord x4  
  59  6:27  Drone  
  59  6:28  Drone x2  
  62  6:37  Hydralisk Den  
  62  6:38  Drone  
  62  6:39  Drone x4  
  66  6:43  Pneumatized Carapace  
  66  6:47  Overseer x3  
  66  6:58  Roach  
  66  6:59  Roach x3  
  74  7:15  Muscular Augments  
  74  7:16  Hydralisk x2  
  78  7:24  Drone x5  
  83  7:37  Drone x2  
  85  8:00  Roach x9  
  103  8:14  Drone x3  
  103  8:16  Overlord  
  103  8:17  Overlord x2  
  106  8:28  Zerg Missile Weapons Level 2  
  106  8:35  Queen  
  108  8:43  Zerg Ground Armor Level 2  
  108  8:59  Roach x2  
  108  9:00  Roach x2  
  116  9:07  Lurker Den  
  116  9:23  Roach  
  116  9:24  Roach x4  
  126  9:34  Roach x2  
  126  9:37  Overlord  
  130  9:53  Overlord x3  
  130  9:54  Overlord  
  130  9:56  Drone  
  130  9:57  Drone  
  132  10:28  Roach  
  132  10:29  Roach x7  
  132  10:30  Roach  
  150  10:52  Infestation Pit  
  150  10:55  Lurker x2  
  151  11:00  Burrow  
  151  11:01  Drone x9  
  158  11:31  Hydralisk  
  158  11:32  Hydralisk x5  
  160  11:35  Overlord  
  160  11:36  Overlord x2  
  150  12:36  Lurker x5  
  150  12:37  Lurker  
  156  12:40  Roach x8  
  156  12:41  Roach  
  174  12:46  Overlord x2  
  174  12:47  Roach x3  
  174  12:48  Roach x4  
  188  13:02  Hive  
  186  13:31  Hatchery  
  186  13:33  Extractor x2  
  140  14:04  Hydralisk x4  
  140  14:05  Roach x6, Hydralisk x3  
  140  14:06  Roach x2  
  158  14:46  Overseer x3  
  158  14:55  Hydralisk x4  
  158  14:56  Roach x5  
  176  15:02  Queen  
  176  15:06  Hydralisk  
  176  15:07  Roach x3, Hydralisk x2  
  179  15:40  Hydralisk x3  
  179  15:41  Roach x3  
  191  15:52  Overlord x3  
  187  17:03  Nydus Network  
  187  17:06  Zerg Missile Weapons Level 3, Zerg Ground Armor Level 3  
  186  17:44  Lurker x2  
  136  18:41  Hydralisk x2  
  136  18:42  Roach x4, Hydralisk x7  
  136  18:43  Roach x6, Hydralisk x2  
  136  18:47  Overlord x8  
  178  19:25  Nydus Canal  
  176  19:47  Hatchery  
  176  19:49  Extractor  
  176  19:50  Extractor  
  170  20:22  Roach, Hydralisk x4  
  170  20:23  Roach x4  
Tags
 
Add a new tag
Caveats
  • Supply blocks, unpowered buildings, or Contaminate may cause inaccurate times.
  • Supply counts are checked every 10 seconds.